NWL (28 & UNDER)
BISMARK BORDER GUARDS @ LA CROSSE LOGGERS
08/11/2026
 
TOP OF THE 1ST
Bismark Border Guards batting - Pitching for La Crosse Loggers : LHP George Moore
Pitching: LHP George Moore
Batting: RHB Edward Melton 0-0: Ball
1-0: Ball
2-0: Ball
3-0: Called Strike
3-1: Base on Balls
Batting: RHB Mike Wright 0-0: Called Strike
0-1: Foul Ball, location: 2F
0-2: SINGLE (Line Drive, 9S)
Edward Melton to second
Batting: RHB Enrico Rodríguez 0-0: Called Strike
0-1: Ball
1-1: Swinging Strike
1-2: Ball
2-2: Ball
3-2: Base on Balls
Edward Melton to third
Mike Wright to second
Batting: RHB Alejandro Ramos 0-0: Called Strike
0-1: Ball
1-1: Called Strike
1-2: Ball
2-2: Ball
3-2: Grounds into double play, 4-6-3 (Groundball, 34)
Edward Melton scores
Mike Wright to third
Batting: RHB Doug Williams 0-0: Ball
1-0: Ball
2-0: Ball
3-0: Foul Ball, location: 2F
3-1: Fly out, F8 (Flyball, 89D)
Top of the 1st over - 1 run(s), 1 hit(s), 0 error(s), 1 left on base; Bismark 1 - La Crosse 0
BOTTOM OF THE 1ST
La Crosse Loggers batting - Pitching for Bismark Border Guards : RHP Miguel Valenzuela
Pitching: RHP Miguel Valenzuela
Batting: RHB Kirk Powell 0-0: Called Strike
0-1: Foul Ball, location: 2F
0-2: Fly out, F3 (Popup, 23)
Batting: RHB Paul Richard 0-0: Called Strike
0-1: Reached on error, E5 (Groundball, 56)
Batting: LHB George Smith 0-0: Called Strike
0-1: Ball
1-1: Foul Ball, location: 2F
1-2: Foul Ball, location: 2F
1-2: Ball
2-2: Ball
3-2: Foul Ball, location: 2F
3-2: SINGLE (Line Drive, 4D)
Paul Richard to third
Runner from 3rd tries for Home, SAFE, no throw or cutoff
Batting: RHB Danny Campbell 0-0: Called Strike
0-1: SINGLE (Line Drive, 89M)
George Smith to second
Batting: RHB Francisco Rodríguez 0-0: SINGLE (Groundball, 5L)
George Smith to third
Danny Campbell to second
Batting: RHB Dick Slagboom 0-0: Ball
1-0: Called Strike
1-1: Swinging Strike
1-2: Foul Ball, location: 2F
1-2: Foul Ball, location: 2F
1-2: Foul Ball, location: 2F
1-2: Ball
2-2: Ball
3-2: Grounds into double play, 6-4-3 (Groundball, 56)
Bottom of the 1st over - 1 run(s), 3 hit(s), 1 error(s), 2 left on base; Bismark 1 - La Crosse 1
TOP OF THE 2ND
Bismark Border Guards batting - Pitching for La Crosse Loggers : LHP George Moore
Batting: LHB Rusty Herbert 0-0: Ball
1-0: Called Strike
1-1: Ball
2-1: Foul Ball, location: 2F
2-2: Ball
3-2: Foul Ball, location: 2F
3-2: Foul Ball, location: 2F
3-2: Ground out 4-3 (Groundball, 4M)
Batting: RHB Jorge Montoya 0-0: Called Strike
0-1: Ball
1-1: Foul Ball, location: 2F
1-2: Ball
2-2: Fly out, F6 (Line Drive, 6D)
Batting: RHB Reynaldo Slomp 0-0: Called Strike
0-1: Ball
1-1: Foul Ball, location: 2F
1-2: SINGLE (Line Drive, 7S)
Batting: LHB Norbert Mosley 0-0: Ball
1-0: Called Strike
1-1: Ball
2-1: SINGLE (Groundball, 2R) (infield hit)
Reynaldo Slomp to second
Batting: RHB Edward Melton 0-0: Called Strike
0-1: Foul Ball, location: 2F
0-2: Strikes out looking
Top of the 2nd over - 0 run(s), 2 hit(s), 0 error(s), 2 left on base; Bismark 1 - La Crosse 1
BOTTOM OF THE 2ND
La Crosse Loggers batting - Pitching for Bismark Border Guards : RHP Miguel Valenzuela
Batting: RHB James Jenkins 0-0: Fly out, F8 (Flyball, 8RM)
Batting: LHB Brock Miller 0-0: Called Strike
0-1: Ball
1-1: Fly out, F9 (Flyball, 89M)
Batting: RHB Júlio Sánchez 0-0: Foul Ball, location: 2F
0-1: Ball
1-1: Ball
2-1: Ball
3-1: Base on Balls
Batting: RHB Kirk Powell 0-0: Called Strike
0-1: Ball
1-1: Called Strike
1-2: Foul Ball, location: 2F
1-2: Ball
2-2: Fly out, F8 (Flyball, 8LM)
Bottom of the 2nd over - 0 run(s), 0 hit(s), 0 error(s), 1 left on base; Bismark 1 - La Crosse 1
TOP OF THE 3RD
Bismark Border Guards batting - Pitching for La Crosse Loggers : LHP George Moore
Batting: RHB Mike Wright 0-0: Ball
1-0: Fly out, F7 (Flyball, 78D)
Batting: RHB Enrico Rodríguez 0-0: Ball
1-0: Ground out 5-3 (Groundball, 56)
Batting: RHB Alejandro Ramos 0-0: Ball
1-0: Ground out 5-3 (Groundball, 56)
Top of the 3rd over - 0 run(s), 0 hit(s), 0 error(s), 0 left on base; Bismark 1 - La Crosse 1
BOTTOM OF THE 3RD
La Crosse Loggers batting - Pitching for Bismark Border Guards : RHP Miguel Valenzuela
Batting: RHB Paul Richard 0-0: Foul Ball, location: 2F
0-1: Ball
1-1: Swinging Strike
1-2: Ball
2-2: Strikes out swinging
Batting: LHB George Smith 0-0: Ball
1-0: Called Strike
1-1: Swinging Strike
1-2: Ball
2-2: Foul Ball, location: 2F
2-2: Ball
3-2: Base on Balls
Batting: RHB Danny Campbell 0-0: Swinging Strike
0-1: Ball
1-1: Fly out, F4 (Popup, 3D)
Batting: RHB Francisco Rodríguez 0-0: Ball
1-0: Ball
2-0: Ball
3-0: Base on Balls
George Smith to second
Batting: RHB Dick Slagboom 0-0: Ball
1-0: Ball
2-0: Ball
3-0: Base on Balls
George Smith to third
Francisco Rodríguez to second
Batting: RHB James Jenkins 0-0: Ball
1-0: Ball
2-0: Called Strike
2-1: Foul Ball, location: 2F
2-2: Foul Ball, location: 2F
2-2: Foul Ball, location: 2F
2-2: Foul Ball, location: 2F
2-2: Ball
3-2: Strikes out looking
Bottom of the 3rd over - 0 run(s), 0 hit(s), 0 error(s), 3 left on base; Bismark 1 - La Crosse 1
TOP OF THE 4TH
Bismark Border Guards batting - Pitching for La Crosse Loggers : LHP George Moore
Batting: RHB Doug Williams 0-0: Ball
1-0: Ball
2-0: Ball
3-0: Base on Balls
Batting: LHB Rusty Herbert 0-0: Foul Ball, location: 2F
0-1: SINGLE (Flyball, 8LS)
Doug Williams to second
Batting: RHB Jorge Montoya 0-0: SINGLE (Groundball, 56D)
Doug Williams to third
Rusty Herbert to second
Runner from 3rd tries for Home, throw and OUT!
Rusty Herbert to third
Jorge Montoya to second
Batting: RHB Reynaldo Slomp 0-0: Called Strike
0-1: Ball
1-1: Swinging Strike
1-2: Ball
2-2: Foul Ball, location: 2F
2-2: Strikes out looking
Batting: LHB Norbert Mosley 0-0: Foul Ball, location: 2F
0-1: 3-RUN HOME RUN (Flyball, 89XD), Distance : 391 ft
Batting: RHB Edward Melton 0-0: SINGLE (Groundball, 6MD)
Batting: RHB Mike Wright 0-0: Ball
1-0: Ball
2-0: Ball
3-0: Called Strike
3-1: SINGLE (Line Drive, 78S)
Edward Melton to second
Batting: RHB Enrico Rodríguez 0-0: Ball
Wild Pitch!
Edward Melton to third
Mike Wright to second
1-0: Ball
2-0: Ball
3-0: Called Strike
3-1: Called Strike
3-2: Strikes out looking
Top of the 4th over - 3 run(s), 5 hit(s), 0 error(s), 2 left on base; Bismark 4 - La Crosse 1
BOTTOM OF THE 4TH
La Crosse Loggers batting - Pitching for Bismark Border Guards : RHP Miguel Valenzuela
Batting: LHB Brock Miller 0-0: Called Strike
0-1: Foul Ball, location: 2F
0-2: Ball
1-2: Strikes out swinging, 2-3 out at first.
Batting: RHB Júlio Sánchez 0-0: SINGLE (Line Drive, 4M)
Batting: RHB Kirk Powell 0-0: Ball
1-0: Ball
2-0: Ball
3-0: Called Strike
3-1: Base on Balls
Júlio Sánchez to second
Batting: RHB Paul Richard 0-0: Fly out, F3 (Popup, 3SF)
Batting: LHB George Smith 0-0: Fly out, F7 (Popup, 5D)
Bottom of the 4th over - 0 run(s), 1 hit(s), 0 error(s), 2 left on base; Bismark 4 - La Crosse 1
TOP OF THE 5TH
Bismark Border Guards batting - Pitching for La Crosse Loggers : LHP George Moore
Batting: RHB Alejandro Ramos 0-0: DOUBLE (Line Drive, 3D) - OUT at third base trying to stretch hit.
Batting: RHB Doug Williams 0-0: Ball
1-0: Foul Ball, location: 2F
1-1: SOLO HOME RUN (Flyball, 78XD), Distance : 399 ft
Batting: LHB Rusty Herbert 0-0: Ball
1-0: Fly out, F9 (Line Drive, 9D)
Batting: RHB Jorge Montoya 0-0: Called Strike
0-1: Foul Ball, location: 2F
0-2: Foul Ball, location: 2F
0-2: Ball
1-2: Ground out 3-1 (Groundball, 34)
Top of the 5th over - 1 run(s), 2 hit(s), 0 error(s), 0 left on base; Bismark 5 - La Crosse 1
BOTTOM OF THE 5TH
La Crosse Loggers batting - Pitching for Bismark Border Guards : RHP Miguel Valenzuela
Batting: RHB Danny Campbell 0-0: Called Strike
0-1: Ball
1-1: Foul Ball, location: 2F
1-2: Foul Ball, location: 2F
1-2: Ball
2-2: Foul Ball, location: 2F
2-2: Fly out, F3 (Popup, 3SF)
Batting: RHB Francisco Rodríguez 0-0: Ground out 4-3 (Groundball, 4)
Batting: RHB Dick Slagboom 0-0: Foul Ball, location: 2F
0-1: Ball
1-1: Swinging Strike
1-2: Foul Ball, location: 2F
1-2: Ball
2-2: Foul Ball, location: 2F
2-2: Ball
3-2: Base on Balls
Pitching: RHP Steve Benson
Batting: RHB James Jenkins 0-0: Swinging Strike
0-1: Swinging Strike
0-2: Foul Ball, location: 2F
0-2: Strikes out swinging
Bottom of the 5th over - 0 run(s), 0 hit(s), 0 error(s), 1 left on base; Bismark 5 - La Crosse 1
TOP OF THE 6TH
Bismark Border Guards batting - Pitching for La Crosse Loggers : LHP George Moore
Pitching: RHP Tony López
Batting: RHB Reynaldo Slomp 0-0: Ball
1-0: Called Strike
1-1: Ground out 6-3 (Groundball, 6)
Batting: LHB Norbert Mosley 0-0: Called Strike
0-1: Ball
1-1: Called Strike
1-2: Ball
2-2: Foul Ball, location: 2F
2-2: Strikes out looking
Batting: RHB Edward Melton 0-0: Ball
1-0: Called Strike
1-1: Foul Ball, location: 2F
1-2: Ground out 5-3 (Groundball, 56)
Top of the 6th over - 0 run(s), 0 hit(s), 0 error(s), 0 left on base; Bismark 5 - La Crosse 1
BOTTOM OF THE 6TH
La Crosse Loggers batting - Pitching for Bismark Border Guards : RHP Steve Benson
Batting: LHB Brock Miller 0-0: Ball
1-0: SINGLE (Line Drive, 89S)
Batting: RHB Júlio Sánchez 0-0: SINGLE (Groundball, 5D)
Brock Miller to second
Batting: RHB Kirk Powell 0-0: Grounds into double play, 6-4-3 (Groundball, 56)
Brock Miller to third
Batting: RHB Paul Richard 0-0: Called Strike
0-1: Foul Ball, location: 2F
0-2: Strikes out swinging
Bottom of the 6th over - 0 run(s), 2 hit(s), 0 error(s), 1 left on base; Bismark 5 - La Crosse 1
TOP OF THE 7TH
Bismark Border Guards batting - Pitching for La Crosse Loggers : RHP Tony López
Batting: RHB Mike Wright 0-0: Ball
1-0: Swinging Strike
1-1: Ball
2-1: Ball
3-1: SINGLE (Flyball, 8LS)
Batting: RHB Enrico Rodríguez 0-0: Ball
1-0: Called Strike
1-1: Swinging Strike
1-2: Ball
2-2: Ball
3-2: SINGLE (Line Drive, 34D)
Mike Wright to second
Mike Wright to third
Batting: RHB Alejandro Ramos 0-0: Foul Ball, location: 2F
0-1: Ball
1-1: Ball
2-1: Fly out, F8 (Flyball, 8RM)
Runner from 3rd tags up, SCORES, throw made
Batting: RHB Doug Williams 0-0: Ball
1-0: Foul Ball, location: 2F
1-1: Called Strike
1-2: Foul Ball, location: 2F
1-2: Fly out, F7 (Flyball, 78M)
Batting: LHB Rusty Herbert 0-0: Ball
1-0: Ball
2-0: Foul Ball, location: 2F
2-1: Ball
3-1: Foul Ball, location: 2F
3-2: Foul Ball, location: 2F
3-2: Strikes out swinging
Top of the 7th over - 1 run(s), 2 hit(s), 0 error(s), 1 left on base; Bismark 6 - La Crosse 1
BOTTOM OF THE 7TH
La Crosse Loggers batting - Pitching for Bismark Border Guards : RHP Steve Benson
Batting: LHB George Smith 0-0: Ball
1-0: Ball
2-0: Called Strike
2-1: Ball
3-1: Base on Balls
Batting: RHB Danny Campbell 0-0: Ball
1-0: Ball
2-0: Ball
3-0: Base on Balls
George Smith to second
Batting: RHB Francisco Rodríguez 0-0: Ball
1-0: Called Strike
1-1: Grounds into double play, 6-4-3 (Groundball, 6)
George Smith to third
Batting: RHB Dick Slagboom 0-0: Ball
1-0: Ball
2-0: Ball
3-0: Called Strike
3-1: Foul Ball, location: 2F
3-2: Base on Balls
Pitching: RHP Edward Hastings
Batting: RHB James Jenkins 0-0: Called Strike
0-1: Ball
1-1: Called Strike
1-2: Foul Ball, location: 2F
1-2: DOUBLE (Line Drive, 8LS)
George Smith scores
Dick Slagboom to third
Batting: LHB Brock Miller 0-0: Ball
1-0: SINGLE (Groundball, 3L)
Dick Slagboom scores
James Jenkins to third
Runner from 3rd tries for Home, SAFE, no throw or cutoff
Batting: RHB Júlio Sánchez 0-0: Called Strike
0-1: Ball
1-1: Called Strike
1-2: Reached on error, E4 (Groundball, 4)
Brock Miller to second
Batting: RHB Kirk Powell 0-0: Foul Ball, location: 2F
0-1: Ball
1-1: Swinging Strike
1-2: Ball
2-2: Foul Ball, location: 2F
2-2: Ball
3-2: Strikes out swinging
Bottom of the 7th over - 3 run(s), 2 hit(s), 1 error(s), 2 left on base; Bismark 6 - La Crosse 4
TOP OF THE 8TH
Bismark Border Guards batting - Pitching for La Crosse Loggers : RHP Tony López
Pitching: LHP Pablo Solíz
Batting: RHB Jorge Montoya 0-0: SINGLE (Line Drive, 6D)
Batting: RHB Reynaldo Slomp 0-0: Bunt missed!
0-1: Sac Bunt - play at first, batter OUT! 1-4
Jorge Montoya to second
Batting: LHB Norbert Mosley 0-0: Ball
1-0: Ball
2-0: Ball
3-0: Called Strike
3-1: Fly out, F9 (Flyball, 9D)
Runner from 2nd tags up, SAFE at 3rd, no throw
Batting: RHB Edward Melton 0-0: Fly out, F8 (Flyball, 8RXD)
Top of the 8th over - 0 run(s), 1 hit(s), 0 error(s), 1 left on base; Bismark 6 - La Crosse 4
BOTTOM OF THE 8TH
La Crosse Loggers batting - Pitching for Bismark Border Guards : RHP Edward Hastings
Batting: RHB Paul Richard 0-0: Ball
1-0: Foul Ball, location: 2F
1-1: Called Strike
1-2: Ball
2-2: Ball
3-2: Base on Balls
Pitching: RHP Beau Murphy
Batting: LHB George Smith 0-0: Ball
1-0: Called Strike
1-1: Ball
2-1: Ball
3-1: Base on Balls
Paul Richard to second
Batting: RHB Danny Campbell 0-0: Called Strike
0-1: Foul Ball, location: 2F
0-2: Foul Ball, location: 2F
0-2: Ball
1-2: Ball
2-2: Fly out, F8 (Flyball, 8RXD)
Runner from 2nd tags up, SAFE at 3rd, no throw
Batting: RHB Francisco Rodríguez 0-0: Foul Ball, location: 2F
0-1: DOUBLE (Flyball, 9LD)
Paul Richard scores
George Smith to third
Batting: RHB Dick Slagboom 0-0: Called Strike
0-1: Foul Ball, location: 2F
0-2: Ball
1-2: Foul Ball, location: 2F
1-2: Ball
2-2: Ball
3-2: Base on Balls
Batting: RHB James Jenkins 0-0: Ball
1-0: Called Strike
1-1: Ball
2-1: Swinging Strike
2-2: Strikes out swinging
Batting: LHB Brock Miller 0-0: Foul Ball, location: 2F
0-1: Swinging Strike
0-2: Strikes out swinging
Bottom of the 8th over - 1 run(s), 1 hit(s), 0 error(s), 3 left on base; Bismark 6 - La Crosse 5
TOP OF THE 9TH
Bismark Border Guards batting - Pitching for La Crosse Loggers : LHP Pablo Solíz
Pitching: LHP Steve Alexander
Batting: RHB Mike Wright 0-0: Ball
1-0: Ball
2-0: SINGLE (Line Drive, 89M)
Batting: RHB Enrico Rodríguez 0-0: Ball
1-0: Ball
2-0: Ball
3-0: Called Strike
3-1: Foul Ball, location: 2F
3-2: Strikes out looking
Batting: RHB Alejandro Ramos 0-0: Reached on error, E5 (Groundball, 56)
Mike Wright to second
Batting: RHB Doug Williams 0-0: Foul Ball, location: 2F
0-1: Called Strike
0-2: Ball
1-2: Ball
2-2: Ball
3-2: Strikes out looking
Batting: LHB Rusty Herbert 0-0: Called Strike
0-1: Ball
1-1: Ground out U3 (Groundball, 3S)
Top of the 9th over - 0 run(s), 1 hit(s), 1 error(s), 2 left on base; Bismark 6 - La Crosse 5
BOTTOM OF THE 9TH
La Crosse Loggers batting - Pitching for Bismark Border Guards : RHP Beau Murphy
Batting: RHB Júlio Sánchez 0-0: Ball
1-0: Foul Ball, location: 2F
1-1: Ball
2-1: Fly out, F8 (Line Drive, 8LM)
Batting: RHB Kirk Powell 0-0: Ball
1-0: Ball
2-0: Ball
3-0: Base on Balls
Pinch Runner at 1st Troy Reed:
Batting: RHB Paul Richard 0-0: Foul Ball, location: 2F
0-1: Ball
1-1: DOUBLE (Line Drive, 78XD)
Troy Reed to third
Batting: LHB George Smith 0-0: Ball
1-0: Called Strike
1-1: Foul Ball, location: 2F
1-2: Ball
2-2: SINGLE (Groundball, 34D)
Troy Reed scores
Paul Richard to third
Pitching: RHP Bartolo Rivera
Batting: RHB Danny Campbell 0-0: Ball
1-0: Called Strike
1-1: Ball
2-1: Ball
3-1: SINGLE (Groundball, 56D)
Paul Richard scores
Monday, December 5th, 2016 - OOTP Baseball 17.12 Build 75